 Dungeon Crawl Stone Soup version 0.26-a0-834-g69557b85cc (webtiles) character file.

Game seed: 8242538568884496585

436 robertstho the Slinger (level 7, -3/69 HPs)
             Began as a Halfling Hunter on Nov 16, 2020.
             Was an Initiate of Okawaru.
             Slain by an ogre
             ... wielding a +0 giant spiked club
              (13 damage)
             ... on level 5 of the Dungeon.
             The game lasted 00:05:18 (4241 turns).

robertstho the Slinger (Halfling Hunter)            Turns: 4241, Time: 00:05:19

Health: -3/69      AC: 23    Str: 12 (14) XL:     7   Next: 21%
Magic:  7/7        EV:  3    Int:  6 (9)  God:    Okawaru [......]
Gold:   274        SH:  0    Dex: 13 (16) Spells: 6/6 levels left

rFire    . . .     SeeInvis .   a - +1 hunting sling
rCold    . . .     Faith    .   (shield restricted)
rNeg     + + +     Spirit   .   (armour currently unavailable)
rPois    +         Reflect  .   (helmet currently unavailable)
rElec    .         Harm     .   (cloak currently unavailable)
rCorr    .         Rampage  .   (gloves currently unavailable)
MR       .....     NoTele   +   (boots currently unavailable)
Stlth    +++.......             (no amulet)
HPRegen  0.21/turn              l - ring of stealth
MPRegen  0.10/turn              (no ring)

@: tree-form, attractive
A: small, mutation resistance 1
a: Renounce Religion


You were on level 5 of the Dungeon.
You worshipped Okawaru.
Okawaru was noncommittal.
You were a tree.
You visited 2 branches of the dungeon, and saw 6 of its levels.

You collected 274 gold pieces.

Inventory:

Hand Weapons
 a - a +1 hunting sling (weapon)
 h - a +1 short sword of draining
Missiles
 b - 139 stones (quivered)
 k - 33 poisoned darts
Armour
 c - a +0 leather armour (melded)
 d - a cursed +0 helmet (melded)
 g - a +0 pair of gloves (melded)
 m - a cursed +0 ring mail
 q - a +0 cloak (melded)
Jewellery
 l - a ring of stealth (left branch)
 p - an uncursed ring of protection from fire {unknown}
Scrolls
 e - 3 scrolls of remove curse {unknown}
 i - 2 scrolls of fog {unknown}
 o - a scroll of identify {unknown}
 r - 2 scrolls of teleportation {unknown}
Potions
 j - a potion of curing {unknown}
 n - a potion of attraction
 u - a potion of brilliance {unknown}


   Skills:
 * Level 3.2 Fighting
 + Level 2.1 Short Blades
 * Level 9.2 Slings
 + Level 2.0 Armour
 + Level 2.7 Dodging
 + Level 1.6 Stealth
 * Level 1.2 Invocations


You had 6 spell levels left.
You didn't know any spells.
Your spell library was empty.

Dungeon Overview and Level Annotations

Branches:
Dungeon (5/15)             Temple (1/1) D:4

Altars:
Ashenzari
Dithmenos
Elyvilon
Fedhas
Gozag
Hepliaklqana
Kikubaaqudgha
Nemelex Xobeh
Okawaru
Qazlal
Sif Muna
Trog
Uskayaw
Xom
Yredelemnul
The Shining One

Shops:
D:4 [


Innate Abilities, Weirdness & Mutations

You are small and have problems with some larger weapons.
You are somewhat resistant to further mutation.


Message History

You are too injured to fight recklessly!
Okay, then.
You aren't carrying any items that you can evoke.
Unknown command.
Okay, then.
It was a potion of attraction.
You feel attractive to monsters.
The ogre hits you with a +0 giant spiked club!
* * * LOW HITPOINT WARNING * * *
It was a potion of lignification.
You turn into a tree.
Your +0 cloak melds into your body.
Your cursed +0 helmet melds into your body.
Your +0 pair of gloves melds into your body.
Your +0 leather armour melds into your body.
Your roots penetrate the ground.
It was a potion of degeneration.
There was something very wrong with that liquid.
You feel weakened.
You feel dopey.
You feel clumsy.
The ogre hits you with a +0 giant spiked club!
You die...

#.............#........##
#...............#####...#####
#..............##...##.##...##
'..............#.8.8.#.#.8.8.#
#..............#.._).#.#.._..#
#..............#.8...#.#...8.#
...............##...'#.#'...#
#..........####.#####...#####..#
................♣O....⌠........#
..#############.#####...#####.##
### ###...(#.#'...# ##
#.8..(#.#...8.# .#
#.._.(#.#.._..# .#
#.8.8.#.#.8.8.# .#
##...##.##...## .# #### ... ####
.###### ...


You could see an ogre.

Vanquished Creatures
  A water moccasin zombie (D:5)
  A scorpion (D:2)
  3 hounds
  An iguana (D:4)
  A worker ant (D:4)
  Robin (D:3)
  6 adders
  3 worms
  3 leopard geckos
  13 orcs
  2 giant cockroaches
  14 goblins
  11 hobgoblins
  16 jackals
  8 kobolds
  A quokka (D:2)
  2 ball pythons
  8 bats
  A frilled lizard (D:3)
  A giant cockroach zombie (D:4)
  7 rats
  A spectral orc (D:5)
105 creatures vanquished.

Vanquished Creatures (others)
  14 plants (D:3)
14 creatures vanquished.

Grand Total: 119 creatures vanquished

Notes
Turn   | Place    | Note
-------+----------+-------------------------------------------
     0 | D:1      | robertstho the Halfling Hunter began the quest for the Orb.
     0 | D:1      | Reached XP level 1. HP: 14/14 MP: 1/1
    27 | D:1      | Reached skill level 6 in Slings
    78 | D:1      | Found a glowing golden altar of the Shining One.
    98 | D:1      | Reached XP level 2. HP: 19/19 MP: 2/2
   223 | D:1      | Reached XP level 3. HP: 23/24 MP: 3/3
   737 | D:2      | Reached skill level 7 in Slings
   932 | D:2      | Noticed a scorpion
   941 | D:2      | Killed a scorpion
   942 | D:2      | Reached skill level 8 in Slings
   942 | D:2      | Reached XP level 4. HP: 18/30 MP: 4/4
  1139 | D:2      | Found a broken altar of Ashenzari.
  1204 | D:2      | Reached XP level 5. HP: 33/35 MP: 5/5
  1667 | D:3      | Noticed Robin
  1908 | D:3      | Reached skill level 1 in Armour
  2436 | D:3      | Killed Robin
  2437 | D:3      | Reached XP level 6. HP: 34/41 MP: 6/6
  2652 | D:3      | Found an opulent altar of Gozag.
  2942 | D:4      | Reached skill level 1 in Short Blades
  2991 | D:4      | Found a staircase to the Ecumenical Temple.
  3055 | Temple   | Entered the Ecumenical Temple
  3089 | Temple   | Became a worshipper of Warmaster Okawaru
  3199 | D:4      | Found Gaigow's Antique Armour Boutique.
  3575 | D:4      | Found a bloodstained altar of Trog.
  3761 | D:5      | Entered Level 5 of the Dungeon
  3807 | D:5      | Reached skill level 9 in Slings
  3807 | D:5      | Reached skill level 1 in Invocations
  3807 | D:5      | Reached XP level 7. HP: 20/46 MP: 7/7
  4141 | D:5      | Found a basalt altar of Yredelemnul.
  4212 | D:5      | Found a hazy altar of Hepliaklqana.
  4215 | D:5      | Found a stormy altar of Qazlal.
  4218 | D:5      | Found a hide-covered altar of Uskayaw.
  4228 | D:5      | Found a shimmering altar of Xom.
  4241 | D:5      | Slain by an ogre

Illustrated notes

Levels and vault maps discovered:
D:1:      minmay_arrival_open_corners, layout_basic, tso_metal_star
D:2:      layout_loops_ring, lemuel_round_altar
D:3:      layout_rooms, old_standard_altar, serial_bayou_lake_a, uniq_robin
D:4:      layout_basic, lemuel_doored_altar,
          minmay_temple_entry_drinking_statues, serial_shops, shop
D:5:      layout_basic, grunt_temple_overflow_cloverleaf,
          yredelemnul_forgotten_temple_becter, minmay_stone_trees_large,
          nicolae_ru_path_of_blood
Temple:   jpeg_temple_island

Skill      XL: |  1  2  3  4  5  6  7 |
---------------+----------------------+-----
Slings         | 6 8 9 |  9.2
Fighting       | 2 3 |  3.2
Armour         | 1 2 |  2.0
Short Blades   | 2 |  2.1
Invocations    | 1 |  1.2
Dodging        | |  2.7
Stealth        | |  1.6

Action                   |  1- 3 |  4- 6 |  7- 9 || total
-------------------------+-------+-------+-------++-------
Melee: Short sword       |       |   133 |       ||   133
 Fire: Hunting sling     |    82 |   108 |    21 ||   211
  Use: Potion            |       |       |     3 ||     3
 Stab: Sleeping          |       |     3 |       ||     3
Armor: Leather armour    |     6 |    82 |     1 ||    89
Dodge: Dodged            |    14 |   218 |     3 ||   235

Table legend: (Time is in decaauts)
 A = Elapsed time spent in this place.
 B = Non-inter-level travel time spent in this place.
 C = Inter-level travel time spent in this place.
 D = Time resting spent in this place.
 E = Time spent auto-exploring this place.
 F = Levels seen in this place.
 G = Mean time per level.
                   A        B        C        D        E       F      G
               +--------+--------+--------+--------+--------+-----+--------+
         Total |   4235 |   3987 |    248 |    442 |   2846 |   6 |  705.8 |
       Dungeon |   4169 |   3953 |    216 |    442 |   2815 |   5 |  833.8 |
        Temple |     65 |     34 |     31 |      0 |     31 |   1 |   65.0 |
               +--------+--------+--------+--------+--------+-----+--------+

Top non-repeatable levels by time:
     D:2: 1625 daAuts
     D:4: 768 daAuts
     D:3: 702 daAuts
     D:1: 606 daAuts
     D:5: 466 daAuts
  Temple: 65 daAuts
